 Dungeon Crawl Stone Soup version 0.28.0-47-ge53b351184 (webtiles) character file.

Game seed: 13095943516304709751

11252 DearestLeader the Blocker (level 11, -1/89 HPs)
             Began as a Gnoll Fighter on Apr 25, 2022.
             Was a Priest of Okawaru.
             Slain by a wolf (7 damage)
             ... on level 2 of the Lair of Beasts.
             The game lasted 00:22:10 (15062 turns).

DearestLeader the Blocker (Gnoll Fighter)          Turns: 15062, Time: 00:22:11

Health: -1/89      AC: 13    Str: 20    XL:     11   Next: 74%
Magic:  20/20      EV: 12    Int:  7    God:    Okawaru [***...]
Gold:   615        SH:  6    Dex: 12    Spells: 23/23 levels left

rFire   + . .      SeeInvis .   o - +1 demon trident
rCold   . . .      Faith    .   c - +0 buckler
rNeg    . . .      Spirit   .   b - +0 scale mail
rPois   +          Reflect  .   m - +0 helmet
rElec   .          Harm     .   d - +1 cloak
rCorr   .          Rampage  .   (no gloves)
Will    .....                   f - +0 pair of boots
Stlth   ++........              (no amulet)
HPRegen 0.24/turn               n - ring of poison resistance
MPRegen 0.17/turn               z - ring of protection from fire

@: no status effects
A: fangs 1, strong nose, distributed training
a: Renounce Religion, Heroism


You were on level 2 of the Lair of Beasts.
You worshipped Okawaru.
Okawaru was most pleased with you.
You visited 3 branches of the dungeon, and saw 12 of its levels.
You also visited: Sewer.

You collected 615 gold pieces.

Inventory:

Hand Weapons
 k - a +3 mace of protection
 o - a +1 demon trident (weapon)
 x - the +3 rapier of Courage {chaos, rN+ Will- rCorr}
   (You found it on level 7 of the Dungeon)

   Each time it hits an enemy it has a different, random effect.
   rN:        It protects you from negative energy.
   rCorr:     It protects you from acid and corrosion.
   Will:      It decreases your willpower.
 E - a +2 vorpal shortbow
Missiles
 y - 35 sling bullets
 B - 3 datura-tipped darts (quivered)
 C - 2 throwing nets
 F - 145 arrows
Armour
 b - a +0 scale mail (worn)
 c - a +0 buckler (worn)
 d - a +1 cloak (worn)
 f - a +0 pair of boots (worn)
 m - a +0 helmet (worn)
Jewellery
 e - a +6 ring of intelligence
 l - a ring of see invisible
 n - a ring of poison resistance (left hand)
 q - a ring of protection from fire
 z - a ring of protection from fire (right hand)
 J - a ring of flight
Wands
 a - a wand of mindburst (8)
 A - a wand of iceblast (2)
 G - a wand of flame (8)
 K - a wand of acid (7)
Scrolls
 j - 3 scrolls of magic mapping
 s - 2 scrolls of immolation
 t - 3 scrolls of teleportation
 w - a scroll of amnesia
 I - a scroll of summoning {unknown}
 M - 2 scrolls of holy word
Potions
 h - a potion of mutation
 i - a potion of invisibility
 p - a potion of berserk rage
 r - 3 potions of flight
 u - a potion of cancellation {unknown}
 v - 2 potions of ambrosia
 D - a potion of haste {unknown}
 N - a potion of resistance {unknown}


   Skills:
 + Level 9.4 Fighting
 + Level 6.6 Short Blades
 + Level 6.6 Long Blades
 + Level 8.1 Axes
 + Level 6.6 Maces & Flails
 + Level 6.6 Polearms
 + Level 6.6 Staves
 + Level 6.6 Slings
 + Level 6.6 Bows
 + Level 6.6 Crossbows
 + Level 6.6 Throwing
 + Level 9.4 Armour
 + Level 6.6 Dodging
 + Level 6.6 Stealth
 + Level 9.4 Shields
 + Level 6.6 Unarmed Combat
 + Level 6.6 Spellcasting
 + Level 5.4 Conjurations
 + Level 5.4 Hexes
 + Level 5.4 Summonings
 + Level 5.4 Necromancy
 + Level 5.4 Translocations
 + Level 5.4 Transmutations
 + Level 5.4 Fire Magic
 + Level 5.4 Ice Magic
 + Level 5.4 Air Magic
 + Level 5.4 Earth Magic
 + Level 5.4 Poison Magic
 + Level 7.2 Invocations
 + Level 6.6 Evocations


You had 23 spell levels left.
You didn't know any spells.
Your spell library contained the following spells:

 Spells                   Type           Power      Damage    Failure   Level
 Ensorcelled Hibernation  Hex/Ice        18%        N/A       12%         2
 Passwall                 Tmut/Erth      7%         N/A       12%         2
 Dazzling Flash           Conj/Hex       18%        N/A       22%         3
 Inner Flame              Hex/Fire       9%         N/A       22%         3
 Swiftness                Air            9%         N/A       22%         3
 Cause Fear               Hex            4%         N/A       58%         4
 Agony                    Necr           9%         N/A       91%         5
 Silence                  Hex/Air        4%         N/A       91%         5
 Discord                  Hex            4%         N/A       100%        8


Dungeon Overview and Level Annotations

Branches:
Dungeon (9/15)             Temple (1/1) D:4            Lair (2/6) D:8
    Orc (0/2) D:9           Sewer (visited)
  Swamp: Lair:2-4    Shoals: Lair:2-4     Snake: Lair:2-4    Spider: Lair:2-4

Altars:
Ashenzari
Cheibriados
Dithmenos
Elyvilon
Fedhas
Gozag
Hepliaklqana
Kikubaaqudgha
Makhleb
Nemelex Xobeh
Okawaru
Qazlal
Ru
Sif Muna
Trog
Uskayaw
Vehumet
Wu Jian
Xom
Yredelemnul
Zin
The Shining One

Shops:
D:9 (

Annotations:
D:4 2 runed translucent doors, Bruhh's ghost, novice DjCA
D:5 exclusion: statue
D:8 1 transporter, gnacko's ghost, novice MiFi
D:9 exclusion: ice statue


Innate Abilities, Weirdness & Mutations

You have very sharp teeth.
Your uncanny sense of smell can sniff out nearby items.
Your experience applies equally to all skills.


Message History

You puncture the wolf!
The wolf is moderately wounded.
You hear a bellow!
The wolf bites you but does no damage. x2; The wolf barely misses you.
A wolf comes into view.
You block the wolf's attack. The wolf bites you but does no damage.
The wolf moves out of view.
The wolf bites you. The wolf bites you but does no damage. The wolf misses you.
The wolf bites you. The wolf bites you. You block the wolf's attack.
The wolf bites you but does no damage. You block the wolf's attack.
The wolf misses you. The wolf bites you but does no damage.
An eight-headed hydra comes into view.
The eight-headed hydra roars!
The wolf closely misses you. The wolf barely misses you.
You block the wolf's attack.
The wolf howls!
The wolf bites you but does no damage.
A bullfrog comes into view.
You block the wolf's attack. You block the wolf's attack.
The eight-headed hydra bites you.
You block the eight-headed hydra's attack.
The eight-headed hydra bites you! x2; The eight-headed hydra bites you.
The eight-headed hydra bites you!
* * * LOW HITPOINT WARNING * * *
You block the eight-headed hydra's attack.
The eight-headed hydra bites you.
* * * LOW HITPOINT WARNING * * *
You block the wolf's attack. The wolf completely misses you.
You block the wolf's attack. The wolf bites you!
* * * LOW HITPOINT WARNING * * *
The wolf bites you!
You die...

############ #### ###
###########.P#.#.#...###..####.##
.................................
.##.##.###....#...##.............
#####.####....##...P.............
#.......##...##÷........##+.###.#
#.....>.#...÷#..@h.#.....#.P.....
#.......#....<..hh.#.....#.......
.............P....FhF...##.......
#........#........#......#.......
###'##+###...P..........######..#
.#.'##..#P...#.#........####.....
..............##.##..........#...
.............................#.⌠.
...........................###...


You could see 4 wolves and 2 bullfrogs.

Vanquished Creatures
  A hydra (Lair:1)
  A manticore (D:7)
  A black mamba (Lair:2)
  3 cane toads (Lair:1)
  3 komodo dragons (Lair:1)
  A troll (D:8)
  A shadow (D:6)
  A wyvern (D:9)
  A wraith (D:9)
  15 yaks
  A water moccasin (Temple)
  2 black bears
  A hornet zombie (D:6)
  2 orc warriors (D:8)
  A sky beast (D:7)
  3 necrophages (D:6)
  2 wolves (D:8)
  2 ogres (D:5)
  11 centaurs
  2 phantoms
  A kobold brigand (Sewer)
  A gnoll sergeant (D:7)
  2 wyvern zombies
  7 bullfrogs
  A scorpion (D:6)
  2 water moccasin zombies
  A wyvern skeleton (D:6)
  A water moccasin skeleton (D:6)
  6 killer bees
  3 wights (D:7)
  A howler monkey (D:6)
  2 electric eels (D:8)
  A crimson imp (D:4)
  8 centaur zombies
  A jelly (D:6)
  2 bullfrog zombies
  A centaur skeleton (D:7)
  A human zombie (D:6)
  Crazy Yiuf (D:2)
  7 hounds
  5 orc priests
  2 bullfrog skeletons
  Jessica (D:2)
  Natasha (thrice) (D:3)
  Terence (D:3)
  An iguana (D:6)
  5 orc wizards
  A killer bee zombie (D:6)
  A hound skeleton (D:4)
  A mummy (D:6)
  14 gnolls
  4 adders
  3 river rats (Sewer)
  An adder skeleton (D:4)
  2 worms
  A dart slug (D:2)
  28 orcs
  9 endoplasms
  7 giant cockroaches
  9 hobgoblins
  11 jackals
  3 quokkas
  2 ball pythons
  3 bats (D:1)
  2 frilled lizards
  6 goblins
  16 kobolds
  A quokka skeleton (D:4)
  4 rats
252 creatures vanquished.

Vanquished Creatures (others)
  8 fungi
  6 plants (Lair:2)
14 creatures vanquished.

Grand Total: 266 creatures vanquished

Notes
Turn   | Place    | Note
-------+----------+-------------------------------------------
     0 | D:1      | DearestLeader the Gnoll Fighter began the quest for the
                  | Orb.
     0 | D:1      | Reached XP level 1. HP: 23/23 MP: 1/1
   117 | D:1      | Reached XP level 2. HP: 29/29 MP: 2/2
   450 | D:1      | Reached XP level 3. HP: 33/35 MP: 3/3
   555 | D:1      | Found a faded altar of an unknown god.
   874 | D:2      | Reached skill level 1 in Invocations
   914 | D:2      | Reached skill level 1 in Short Blades
   914 | D:2      | Reached skill level 1 in Long Blades
   914 | D:2      | Reached skill level 1 in Maces & Flails
   914 | D:2      | Reached skill level 1 in Polearms
   914 | D:2      | Reached skill level 1 in Staves
   914 | D:2      | Reached skill level 1 in Slings
   914 | D:2      | Reached skill level 1 in Bows
   914 | D:2      | Reached skill level 1 in Crossbows
   914 | D:2      | Reached skill level 1 in Throwing
   914 | D:2      | Reached skill level 1 in Dodging
   914 | D:2      | Reached skill level 1 in Stealth
   914 | D:2      | Reached skill level 1 in Unarmed Combat
   914 | D:2      | Reached skill level 1 in Spellcasting
   914 | D:2      | Reached skill level 1 in Evocations
  1090 | D:2      | Found a runed translucent door.
  1091 | D:2      | Noticed Crazy Yiuf
  1097 | D:2      | Killed Crazy Yiuf
  1098 | D:2      | Reached XP level 4. HP: 26/41 MP: 2/5
  1302 | D:2      | Reached skill level 1 in Conjurations
  1302 | D:2      | Reached skill level 1 in Hexes
  1302 | D:2      | Reached skill level 1 in Summonings
  1302 | D:2      | Reached skill level 1 in Necromancy
  1302 | D:2      | Reached skill level 1 in Translocations
  1302 | D:2      | Reached skill level 1 in Transmutations
  1302 | D:2      | Reached skill level 1 in Fire Magic
  1302 | D:2      | Reached skill level 1 in Ice Magic
  1302 | D:2      | Reached skill level 1 in Air Magic
  1302 | D:2      | Reached skill level 1 in Earth Magic
  1302 | D:2      | Reached skill level 1 in Poison Magic
  1457 | D:2      | Noticed Jessica
  1462 | D:2      | Killed Jessica
  1463 | D:2      | Reached XP level 5. HP: 47/47 MP: 5/7
  1947 | D:3      | Noticed Natasha
  1960 | D:3      | Killed Natasha
  1993 | D:3      | Noticed Natasha
  1999 | D:3      | Killed Natasha
  2250 | D:3      | Noticed Natasha
  2264 | D:3      | Killed Natasha
  2265 | D:3      | Reached XP level 6. HP: 16/53 MP: 8/8
  2882 | D:3      | Noticed Terence
  2893 | D:3      | Killed Terence
  3021 | D:4      | Found a runed translucent door.
  3036 | D:4      | Reached skill level 5 in Axes
  3056 | D:4      | Found a runed translucent door.
  3060 | D:4      | Noticed Bruhh's ghost (novice DjCA)
  3062 | D:4      | Found a staircase to the Ecumenical Temple.
  3064 | D:4      | Noticed a water moccasin
  3071 | Temple   | Entered the Ecumenical Temple
  3083 | Temple   | Killed a water moccasin
  3084 | Temple   | Reached XP level 7. HP: 13/59 MP: 10/10
  3141 | D:4      | Found a hide-covered altar of Uskayaw.
  3227 | D:4      | Found a glowing drain.
  3239 | Sewer    | Entered a sewer
  3650 | Sewer    | Found a glowing silver altar of Zin.
  4361 | D:4      | Found a shimmering altar of Xom.
  4362 | D:4      | Found a burning altar of Makhleb.
  4428 | D:5      | Entered Level 5 of the Dungeon
  4489 | D:5      | Reached XP level 8. HP: 41/67 MP: 12/12
  4994 | D:5      | Found a shimmering blue altar of Sif Muna.
  5565 | D:5      | Found a radiant altar of Vehumet.
  6165 | D:6      | Reached XP level 9. HP: 60/72 MP: 14/14
  6799 | D:6      | Found an ancient bone altar of Kikubaaqudgha.
  7153 | D:7      | Noticed a manticore
  7169 | D:7      | Killed a manticore
  7170 | D:7      | Reached skill level 5 in Invocations
  7183 | D:7      | Reached XP level 10. HP: 21/80 MP: 15/17
  7193 | D:7      | Identified the +3 rapier of Courage {chaos, rN+ Will-
                  | rCorr}
  7460 | D:7      | Reached skill level 5 in Short Blades
  7460 | D:7      | Reached skill level 5 in Long Blades
  7460 | D:7      | Reached skill level 5 in Maces & Flails
  7460 | D:7      | Reached skill level 5 in Polearms
  7460 | D:7      | Reached skill level 5 in Staves
  7460 | D:7      | Reached skill level 5 in Slings
  7460 | D:7      | Reached skill level 5 in Bows
  7460 | D:7      | Reached skill level 5 in Crossbows
  7460 | D:7      | Reached skill level 5 in Throwing
  7460 | D:7      | Reached skill level 5 in Dodging
  7460 | D:7      | Reached skill level 5 in Stealth
  7460 | D:7      | Reached skill level 5 in Unarmed Combat
  7460 | D:7      | Reached skill level 5 in Spellcasting
  7460 | D:7      | Reached skill level 5 in Evocations
  7647 | D:7      | Found a stormy altar of Qazlal.
  7747 | D:7      | HP: 4/82 [killer bee (5)]
  8701 | D:7      | HP: 4/82 [killer bee (7)]
 10159 | D:8      | Found a sparkling altar of Nemelex Xobeh.
 10273 | D:8      | Found a staircase to the Lair.
 10791 | D:8      | Noticed gnacko's ghost (novice MiFi)
 10792 | D:8      | Found a transporter.
 10798 | D:8      | Identified the +2 great mace "Neny" {drain, *Noise rElec
                  | rPois Int+2}
 10798 | D:8      | Noticed a two-headed ogre
 10913 | D:9      | Found a bloodstained altar of Trog.
 11073 | D:9      | Noticed an ice statue
 11634 | D:9      | Found a staircase to the Orcish Mines.
 11634 | D:9      | Found Jesolopuwn's Antique Weapon Shop.
 11671 | D:9      | Found an iron altar of Okawaru.
 11689 | D:9      | Became a worshipper of Warmaster Okawaru
 12202 | Lair:1   | Entered Level 1 of the Lair of Beasts
 12249 | Lair:1   | Reached XP level 11. HP: 56/87 MP: 19/19
 12404 | Lair:1   | Noticed a six-headed hydra
 12419 | Lair:1   | Killed a six-headed hydra
 12419 | Lair:1   | Reached * piety under Okawaru
 12683 | Lair:1   | Reached skill level 5 in Conjurations
 12683 | Lair:1   | Reached skill level 5 in Hexes
 12683 | Lair:1   | Reached skill level 5 in Summonings
 12683 | Lair:1   | Reached skill level 5 in Necromancy
 12683 | Lair:1   | Reached skill level 5 in Translocations
 12683 | Lair:1   | Reached skill level 5 in Transmutations
 12683 | Lair:1   | Reached skill level 5 in Fire Magic
 12683 | Lair:1   | Reached skill level 5 in Ice Magic
 12683 | Lair:1   | Reached skill level 5 in Air Magic
 12683 | Lair:1   | Reached skill level 5 in Earth Magic
 12683 | Lair:1   | Reached skill level 5 in Poison Magic
 12920 | Lair:1   | Reached ** piety under Okawaru
 13851 | Lair:2   | Reached *** piety under Okawaru
 13854 | Lair:2   | HP: 4/89 [poisoned by a black mamba]
 14640 | Lair:2   | HP: 1/89 [yak (9)]
 15050 | Lair:2   | Noticed an eight-headed hydra
 15062 | Lair:2   | Slain by a wolf

Illustrated notes

Levels and vault maps discovered:
D:1:      minmay_arrival_jagged, layout_rooms,
          shapermc_ecumenical_altar_starsandcircs, serial_curves,
          eino_curves_01, eino_curves_04
D:2:      layout_rooms, uniq_crazy_yiuf_cottage, uniq_jessica
D:3:      layout_basic, roderic_lattice_a, uniq_natasha, uniq_terence
D:4:      layout_loops_cross, grunt_temple_overflow_champion_of_chaos,
          mainiacjoe_overflow_surrounded_room, temple_fountains,
          ebering_ghost_sewer_f, cheibrodos_sewer_entry_drain
D:5:      layout_basic, vehumet_statue,
          mainiacjoe_overflow_concentric_impassable, kennysheep_flooded_box
D:6:      layout_rooms, lemuel_mausoleum_altar_kikubaaqudgha
D:7:      layout_layer_cave, nicolae_qazlal_scattered_showers, centaur_isle
D:8:      layout_basic, mainiacjoe_overflow_alcove_4, erik_lair_island,
          gammafunk_ghost_smash
D:9:      cheibrodos_frozen_isle, layout_grid_maze, trog_three_pillars_becter,
          mainiacjoe_overflow_brackets, orc_0_dummy, serial_shops,
          nicolae_shop_temple_entry_statues_fountains, kennysheep_windowed_goal
Temple:   nicolae_temple_no_exploring_needed
Lair:1:   layout_roguey
Lair:2:   layout_regular_city, nicolae_spider_entry_non_spiders,
          wad_woods_road_02, st_stairs_13, grunt_megastairs_5

Skill      XL: |  1  2  3  4  5  6  7  8  9 10 11 |
---------------+----------------------------------+-----
Invocations    | 1 2 3 4 5 6 7 |  7.2
Short Blades   | 1 2 3 4 5 6 |  6.6
Long Blades    | 1 2 3 4 5 6 |  6.6
Maces & Flails | 1 2 3 4 5 6 |  6.6
Polearms       | 1 2 3 4 5 6 |  6.6
Staves         | 1 2 3 4 5 6 |  6.6
Slings         | 1 2 3 4 5 6 |  6.6
Bows           | 1 2 3 4 5 6 |  6.6
Crossbows      | 1 2 3 4 5 6 |  6.6
Throwing       | 1 2 3 4 5 6 |  6.6
Dodging        | 1 2 3 4 5 6 |  6.6
Stealth        | 1 2 3 4 5 6 |  6.6
Unarmed Combat | 1 2 3 4 5 6 |  6.6
Spellcasting   | 1 2 3 4 5 6 |  6.6
Evocations     | 1 2 3 4 5 6 |  6.6
Conjurations   | 1 2 3 4 5 |  5.4
Hexes          | 1 2 3 4 5 |  5.4
Summonings     | 1 2 3 4 5 |  5.4
Necromancy     | 1 2 3 4 5 |  5.4
Translocations | 1 2 3 4 5 |  5.4
Transmutations | 1 2 3 4 5 |  5.4
Fire Magic     | 1 2 3 4 5 |  5.4
Ice Magic      | 1 2 3 4 5 |  5.4
Air Magic      | 1 2 3 4 5 |  5.4
Earth Magic    | 1 2 3 4 5 |  5.4
Poison Magic   | 1 2 3 4 5 |  5.4
Axes           | 5 6 7 8 |  8.1
Fighting       | 7 8 9 |  9.4
Armour         | 7 8 9 |  9.4
Shields        | 7 8 9 |  9.4

Action                   |  1- 3 |  4- 6 |  7- 9 | 10-12 || total
-------------------------+-------+-------+-------+-------++-------
Melee: War axe           |   110 |       |       |       ||   110
       Bite              |    10 |    18 |    48 |    68 ||   144
       Mace              |     2 |    36 |       |       ||    38
       Demon trident     |       |   116 |   435 |   530 ||  1081
Throw: Dart              |       |       |       |     1 ||     1
Invok: Heroism           |       |       |       |     1 ||     1
Evoke: Wand              |       |       |       |    30 ||    30
  Use: Potion            |     1 |       |     3 |     8 ||    12
       Scroll            |       |     5 |     4 |    10 ||    19
 Stab: Sleeping          |       |       |     2 |     2 ||     4
       Distracted        |       |       |       |     1 ||     1
       Invisible         |       |       |       |     2 ||     2
Armor: Scale mail        |    35 |    65 |   229 |   271 ||   600
Dodge: Dodged            |    55 |    60 |   214 |   369 ||   698
Block: Buckler           |    39 |    32 |   132 |   209 ||   412
